 Dungeon Crawl Stone Soup version 0.20.0-15-g7f486f2 (webtiles) character file.

5409 Naow the Cleaver (level 10, -4/77 HPs)
             Began as a Demonspawn Berserker on June 13, 2017.
             Was a High Priest of Trog.
             Slain by a killer bee (6 damage)
             ... on level 8 of the Dungeon.
             The game lasted 00:14:40 (9660 turns).

Naow the Cleaver (Demonspawn Berserker)             Turns: 9660, Time: 00:14:41

Health: -4/77      AC: 18    Str: 20 (22) XL:     10   Next: 40%
Magic:  10/10      EV:  6    Int:  7 (9)  God:    Trog [*****.]
Gold:   399        SH:  0    Dex: 10 (11) Spells: 9/9 levels left

rFire    . . .     SeeInvis .   a - +0 hand axe
rCold    + . .     Gourm    .   (no shield)
rNeg     . . .     Faith    .   B - +0 plate armour
rPois    .         Spirit   .   (helmet restricted)
rElec    .         Reflect  .   (no cloak)
rCorr    .         Harm     .   (no gloves)
MR       ++...                  (no boots)
Stlth    ..........             i - amulet of regeneration
Regen    1.7/turn               e - ring of protection from cold
MPRegen  0.2/turn               A - +2 ring of strength

@: lethally poisoned (-4 -> -4), sanguine armour, regenerating, hasted, very
quick
A: antennae 1, claws 2, clumsy 1, demonic guardian 1, powered by pain 2,
sanguine armour 1
a: Berserk, Trog's Hand, Brothers in Arms, Burn Spellbooks, Renounce Religion


You were on level 8 of the Dungeon.
You worshipped Trog.
Trog was extremely pleased with you.
You were near starving.

You visited 1 branch of the dungeon, and saw 8 of its levels.

You collected 399 gold pieces.

Inventory:

Hand Weapons
 a - a +0 hand axe (weapon)
Armour
 b - a +0 animal skin
 l - a +2 helmet
 w - a +2 helmet
 B - a +0 plate armour (worn)
Jewellery
 e - a ring of protection from cold (left claw)
 i - an amulet of regeneration (around neck)
 n - an uncursed amulet of faith {unknown}
 A - a +2 ring of strength (right claw)
 C - an uncursed ring of poison resistance {unknown}
 E - an uncursed ring of ice {unknown}
 F - an uncursed ring of poison resistance {unknown}
 H - an uncursed ring of protection from fire {unknown}
Wands
 u - a wand of flame (0/48)
 z - a wand of disintegration (4/24)
 D - a wand of lightning (6/15)
Scrolls
 d - 5 scrolls of identify {unknown}
 g - 5 scrolls of magic mapping {unknown}
 k - 4 scrolls of teleportation {unknown}
 p - 2 scrolls of enchant weapon {unknown}
 v - 3 scrolls of fear {unknown}
 x - a scroll of amnesia {unknown}
 y - 4 scrolls of remove curse {unknown}
Potions
 f - a potion of degeneration
 j - 2 potions of flight
 m - 2 potions of mutation
 o - 2 potions of lignification
 r - a potion of brilliance
 t - a potion of haste
Books
 K - a book of Maledictions

   Spells                             Type                      Level
   a - Corona                         Hexes                        1
   b - Ensorcelled Hibernation        Hexes/Ice                    2
   c - Confuse                        Hexes                        3
   d - Tukima's Dance                 Hexes                        3
   e - Dazzling Spray                 Conjuration/Hexes            3
   Trog disapproves of the use of such an item.
Comestibles
 c - 8 bread rations
 s - 5 royal jellies
 G - 3 meat rations
 J - 8 chunks of flesh


   Skills:
 - Level 6.9 Fighting
 * Level 11.7 Axes
 + Level 6.2 Armour
 - Level 1.7 Dodging


You had 9 spell levels left.
You didn't know any spells.

Dungeon Overview and Level Annotations

Branches:
Dungeon (8/15)             Temple (0/1) D:7
   Lair: D:8-11

Altars:
Makhleb
Okawaru
Ru
Sif Muna
Vehumet

Shops:
D:4 [


Innate Abilities, Weirdness & Mutations

You have very sharp fingernails.
A weak demonic guardian rushes to your aid.
You sometimes gain power by taking damage.
When seriously injured, your bleeding wounds create armour. (AC +6)
You have a pair of small antennae on your head.
You are clumsy. (Dex -2)


Message History

The killer bee is heavily wounded.
You hit the killer bee.
The killer bee stings you but does no damage.
Your plate armour prevents you from hitting the killer bee.
The killer bee is heavily wounded.
You barely miss the killer bee.
You recover from your berserk rage.
You feel sick. The killer bee stings you.
* * * LOW HITPOINT WARNING * * *
The killer bee stings you but does no damage.
Okay, then.
You slash the killer bee!
The killer bee is almost dead.
You hit the killer bee.
The killer bee stings you but does no damage.
The killer bee barely misses you.
You closely miss the killer bee.
The killer bee is almost dead.
You hit the killer bee.
You feel sick. The killer bee stings you.
You die...

#....[)# #.
#####......######.
..................
.#####......#......
..................
#.###.##.....###.
#y..#..........'
#y#..........###
#@#..........#
#y##.........#
#y##.........#
#y######.....# #.#
#.....#####
#.######y††...y...
#.[..5yyyy†#.....y
############....##
.y##


You could see 5 killer bees.

Vanquished Creatures
  Pikel (D:6)
  A queen bee (D:8)
  A hippogriff (D:7)
  Sigmund (D:6)
  The ghost of ArtsTyrian the Shield-Bearer, an amateur FoFi (D:4)
  Edmund (D:4)
  Duvessa (D:4)
  An orc warrior (D:7)
  2 sky beasts
  3 black bears
  A phantom (D:7)
  A slave (D:6)
  2 ogres
  3 centaurs
  2 big kobolds (D:7)
  4 bullfrogs
  Blork the orc (D:4)
  Dowan (D:4)
  3 scorpions
  11 killer bees
  5 wights (D:7)
  5 howler monkeys
  A crimson imp (D:4)
  2 orc priests
  A hound (D:5)
  2 gnoll shamans (D:5)
  2 bullfrog skeletons
  A centaur skeleton (D:4)
  2 iguanas
  6 orc wizards
  6 worker ants
  2 hound zombies (D:7)
  47 gnolls
  A howler monkey skeleton (D:4)
  8 adders
  3 oozes
  An adder skeleton (D:4)
  An adder zombie (D:7)
  3 worms
  6 leopard geckos
  20 orcs
  A ball python (D:5)
  4 giant cockroaches
  7 goblins
  6 hobgoblins
  22 jackals
  3 quokkas
  6 bats
  3 frilled lizards
  12 kobolds
  2 rats
233 creatures vanquished.

Vanquished Creatures (collateral kills)
  An orc warrior (D:8)
  An ogre (D:5)
  A big kobold (D:7)
  A bullfrog (D:7)
  A gnoll (D:5)
5 creatures vanquished.

Vanquished Creatures (others)
  A crimson imp (D:6)
  A gnoll (D:5)
  A quokka (D:6)
3 creatures vanquished.

Grand Total: 241 creatures vanquished

Notes
Turn   | Place    | Note
-------+----------+-------------------------------------------
     0 | D:1      | Naow the Demonspawn Berserker began the quest for the Orb.
     0 | D:1      | Reached XP level 1. HP: 18/18 MP: 1/1
    23 | D:1      | Reached skill level 3 in Axes
   175 | D:1      | Gained mutation: When seriously injured, your bleeding wounds create armour. (AC +6) [demonic ancestry]
   175 | D:1      | Reached XP level 2. HP: 16/24 MP: 2/2
  1231 | D:2      | Found an iron altar of Okawaru.
  1269 | D:2      | Gained mutation: You have sharp fingernails. [demonic ancestry]
  1269 | D:2      | Reached XP level 3. HP: 29/29 MP: 3/3
  1327 | D:2      | Reached ** piety under Trog
  1989 | D:3      | Reached skill level 4 in Axes
  1989 | D:3      | Gained mutation: You sometimes gain a little power by taking damage. [demonic ancestry]
  1989 | D:3      | Reached XP level 4. HP: 24/37 MP: 4/4
  2713 | D:3      | Reached XP level 5. HP: 34/42 MP: 5/5
  3263 | D:4      | Found a sacrificial altar of Ru.
  3407 | D:4      | Noticed ArtsTyrian's ghost (amateur FoFi)
  3410 | D:4      | Noticed Edmund
  3417 | D:4      | Killed ArtsTyrian's ghost
  3417 | D:4      | Reached skill level 5 in Axes
  3417 | D:4      | Gained mutation: You have very sharp fingernails. [demonic ancestry]
  3417 | D:4      | Reached XP level 6. HP: 15/50 MP: 6/6
  3425 | D:4      | Killed Edmund
  3425 | D:4      | Reached skill level 5 in Fighting
  3693 | D:4      | Reached skill level 6 in Axes
  3799 | D:4      | Reached XP level 7. HP: 36/56 MP: 7/7
  4997 | D:4      | Noticed Duvessa
  4999 | D:4      | Noticed Dowan
  5009 | D:4      | Killed Duvessa
  5009 | D:4      | Reached skill level 7 in Axes
  5026 | D:4      | Killed Dowan
  5026 | D:4      | Reached *** piety under Trog
  5301 | D:4      | Reached XP level 8. HP: 64/64 MP: 8/8
  5524 | D:4      | Noticed Blork the orc
  5537 | D:4      | Killed Blork the orc
  5607 | D:4      | Found Tefaf's Armour Boutique.
  5759 | D:4      | Found a radiant altar of Vehumet.
  5760 | D:4      | Found a burning altar of Makhleb.
  5909 | D:5      | Entered Level 5 of the Dungeon
  5932 | D:5      | Reached skill level 8 in Axes
  6873 | D:5      | Reached **** piety under Trog
  7159 | D:5      | Reached skill level 9 in Axes
  7328 | D:5      | Gained mutation: A weak demonic guardian rushes to your aid. [demonic ancestry]
  7328 | D:5      | Reached XP level 9. HP: 71/71 MP: 9/9
  7417 | D:5      | Reached ***** piety under Trog
  8047 | D:6      | Noticed Pikel
  8050 | D:6      | Noticed Sigmund
  8058 | D:6      | Killed Pikel
  8058 | D:6      | Reached skill level 10 in Axes
  8067 | D:6      | Killed Sigmund
  8602 | D:7      | Reached skill level 5 in Armour
  8617 | D:7      | Reached skill level 11 in Axes
  8695 | D:7      | Gained mutation: You sometimes gain power by taking damage. [demonic ancestry]
  8695 | D:7      | Reached XP level 10. HP: 75/77 MP: 10/10
  8788 | D:7      | Found a staircase to the Ecumenical Temple.
  9262 | D:7      | Found a deep blue altar of Sif Muna.
  9644 | D:8      | Gained mutation: You are clumsy. (Dex -2) [potion of mutation]
  9644 | D:8      | Gained mutation: You have a pair of small antennae on your head. [potion of mutation]
  9655 | D:8      | HP: 2/77 [killer bee (3)]
  9660 | D:8      | HP: 2/77 [poisoned by a killer bee]
  9660 | D:8      | Slain by a killer bee

Skill      XL: |  1  2  3  4  5  6  7  8  9 10 |
---------------+-------------------------------+-----
Axes           | 3 4 5 6 7 9 11 | 11.7
Fighting       | 4 5 6 |  6.9
Armour         | 2 5 6 |  6.2
Dodging        | |  1.7

Action                   |  1- 3 |  4- 6 |  7- 9 | 10-12 || total
-------------------------+-------+-------+-------+-------++-------
Melee: Hand axe          |   124 |   135 |   651 |   214 ||  1124
Invok: Berserk           |     4 |     1 |    11 |     3 ||    19
       Trog's Hand       |       |       |     1 |     2 ||     3
       Brothers in Arms  |       |       |       |     1 ||     1
  Use: Potion            |       |       |       |    10 ||    10
 Stab: Sleeping          |     2 |       |       |       ||     2
       Distracted        |       |       |     1 |     1 ||     2
  Eat: Chunk             |     6 |     5 |    19 |     6 ||    36
       Meat ration       |       |     1 |     1 |       ||     2
Armor: Animal skin       |    26 |    31 |    56 |       ||   113
       Plate armour      |       |       |   276 |   147 ||   423
       Skin              |       |       |       |    54 ||    54
Dodge: Dodged            |    86 |    71 |   272 |    85 ||   514
